 Dungeon Crawl Stone Soup version 0.22-a0-274-gf8199ec (webtiles) character file.

836 Amnesiac the Ducker (level 7, -1/55 HPs)
             Began as a Mummy Necromancer on Mar 13, 2018.
             Slain by a centaur (6 damage)
             ... on level 5 of the Dungeon.
             The game lasted 00:11:13 (4437 turns).

Amnesiac the Ducker (Mummy Necromancer)             Turns: 4437, Time: 00:11:13

Health: -1/55      AC:  2    Str: 12    XL:     7   Next: 66%
Magic:  1/11       EV: 15    Int: 16    God:
Gold:   225        SH:  0    Dex: 12    Spells: 7/11 levels left

rFire    x . .     SeeInvis .   d - +0 dagger (venom)
rCold    + . .     Gourm    .   (no shield)
rNeg     + + +     Faith    .   a - +0 robe
rPois    ∞         Spirit   .   (no helmet)
rElec    .         Reflect  .   (no cloak)
rCorr    .         Harm     .   (no gloves)
MR       .....                  (no boots)
Stlth    ++........             l - amulet of magic regeneration
HPRegen  0.18/turn              b - ring of flight
MPRegen  0.37/turn              (no ring)

@: very slightly contaminated
A: no food or potions, fire vulnerability, cold resistance 1, negative energy
resistance 3, torment resistance, unbreathing
a: Evoke Flight


You were on level 5 of the Dungeon.
You were not hungry.

You visited 2 branches of the dungeon, and saw 6 of its levels.
You also visited: Sewer.

You collected 225 gold pieces.

Inventory:

Hand Weapons
 d - a +0 dagger of venom (weapon)
 m - a +2 short sword of speed
Missiles
 g - 6 poisoned needles
Armour
 a - a +0 robe (worn)
Jewellery
 b - a ring of flight (left hand)
 h - a +5 amulet of reflection
 l - an amulet of magic regeneration (around neck)
Scrolls
 c - 5 scrolls of identify {!r, unknown}
 e - 3 scrolls of magic mapping {!r, unknown}
 f - a scroll of noise {!r, unknown}
 i - a scroll of immolation {!r, unknown}
 j - 4 scrolls of teleportation {!r}
 k - 4 scrolls of remove curse {!r, unknown}


   Skills:
 + Level 4.7 Fighting
 * Level 6.1 Dodging
 - Level 1.5 Stealth
 - Level 2.6 Spellcasting
 - Level 4.0 Necromancy


You had 7 spell levels left.
You knew the following spells:

 Your Spells              Type           Power        Failure   Level  Hunger
a - Pain                  Necr           ##..         3%          1    N/A
d - Vampiric Draining     Necr           ##........   11%         3    N/A

Dungeon Overview and Level Annotations

Branches:
Dungeon (5/15)             Temple (1/1) D:4

Altars:
Ashenzari
Cheibriados
Dithmenos
Gozag
Hepliaklqana
Makhleb
Okawaru
Qazlal
Ru
Uskayaw
Wu Jian
Xom
Yredelemnul
Zin
The Shining One


Innate Abilities, Weirdness & Mutations

You do not eat or drink.
Your flesh is vulnerable to fire.
You are immune to poison.
Your flesh is cold resistant. (rC+)
You are immune to negative energy. (rN+++)
You are immune to unholy pain and torment.
You can survive without breathing.


Message History

Confirm with . or Enter, or press ? or * to list all spells.
Aiming: Vampiric Draining (safe; 11% risk of failure)
Press: ? - help, Shift-Dir - straight line, f - centaur
Aim: a centaur The centaur is moderately wounded.
You feel life coursing into your body. The orc closely misses you.
The centaur hits you but does no damage.
The orc hits you with a whip.
Casting: Vampiric Draining (safe; 11% risk of failure)
Confirm with . or Enter, or press ? or * to list all spells.
Aiming: Vampiric Draining (safe; 11% risk of failure)
Press: ? - help, Shift-Dir - straight line, f/p - centaur
Aim: a centaur (moderately wounded)
The centaur is severely wounded.
You feel life coursing into your body.
You kill the orc!
The centaur barely misses you. The centaur hits you.
Casting: Vampiric Draining (safe; 11% risk of failure)
Confirm with . or Enter, or press ? or * to list all spells.
Aiming: Vampiric Draining (safe; 11% risk of failure)
Press: ? - help, Shift-Dir - straight line, f/p - centaur
Aim: a centaur (severely wounded)
You miscast Vampiric Draining.
You are very lightly contaminated with residual magic.
You shiver with cold.
The centaur barely misses you. The orc misses you.
Casting: Vampiric Draining (safe; 11% risk of failure)
Confirm with . or Enter, or press ? or * to list all spells.
Aiming: Vampiric Draining (safe; 11% risk of failure)
Press: ? - help, Shift-Dir - straight line, f/p - centaur
Aim: a centaur (severely wounded)
You miscast Vampiric Draining.
You shiver with cold.
The centaur hits you!
* * * LOW HITPOINT WARNING * * *
The orc closely misses you. The orc misses you. The centaur barely misses you.
You closely miss the centaur.
The centaur is severely wounded.
The centaur completely misses you. The orc closely misses you. x2
You hit the centaur but do no damage.
The centaur is severely wounded.
The centaur hits you.
* * * LOW HITPOINT WARNING * * *
The orc closely misses you. x2; The centaur hits you.
* * * LOW HITPOINT WARNING * * *
The orc misses you.
Casting: Vampiric Draining (safe; 11% risk of failure)
Confirm with . or Enter, or press ? or * to list all spells.
Okay, then.
You hit the centaur but do no damage.
The centaur is poisoned.
The centaur is heavily wounded.
The centaur hits you.
* * * LOW HITPOINT WARNING * * *
The orc hits you with a whip.
* * * LOW HITPOINT WARNING * * *
The centaur hits you!
* * * LOW HITPOINT WARNING * * *
Casting: Vampiric Draining (safe; 11% risk of failure)
Confirm with . or Enter, or press ? or * to list all spells.
Okay, then.
Casting: Vampiric Draining (safe; 11% risk of failure)
Confirm with . or Enter, or press ? or * to list all spells.
Aiming: Pain (safe; 3% risk of failure)
Press: ? - help, Shift-Dir - straight line, f/p - centaur
Aim: a centaur (severely wounded, poisoned, chance to defeat MR: 72%)
The centaur struggles to resist.
The centaur hits you.
You die...

###.......#### #
.........)..#
#.##.#####.##)#
........##.##.#####
.........##...... .
##.##.#..######## ...
#.......#
....#########.#......#
......5o@.###.######.#
......oc.......#####.#
.....####.###........#
.... #.# #.######.# .#
#.# #.# #.# #.# #.#
#.# # #.# #.# . #.#
#.# #


You could see a centaur, a crimson imp and 2 orcs.

Vanquished Creatures
  Sigmund (D:2)
  A howler monkey (D:4)
  A crimson imp (D:5)
  3 orc priests
  3 orc wizards
  2 merfolk sirens (Sewer)
  5 worker ants
  A merfolk avatar (Sewer)
  10 adders
  2 river rats (Sewer)
  6 worms
  3 dart slugs
  4 leopard geckos
  12 orcs
  3 ball pythons
  10 giant cockroaches
  4 goblins
  6 hobgoblins
  3 jackals (D:3)
  2 quokkas
  10 bats
  9 frilled lizards
  9 kobolds
  30 rats
140 creatures vanquished.

Notes
Turn   | Place    | Note
-------+----------+-------------------------------------------
     0 | D:1      | Amnesiac the Mummy Necromancer began the quest for the Orb.
     0 | D:1      | Reached XP level 1. HP: 13/13 MP: 4/4
    47 | D:1      | Reached skill level 2 in Dodging
   172 | D:1      | Reached XP level 2. HP: 20/20 MP: 3/5
   313 | D:1      | Reached skill level 1 in Fighting
   720 | D:1      | Reached XP level 3. HP: 25/26 MP: 5/7
   790 | D:1      | Learned a level 3 spell: Vampiric Draining
   830 | D:2      | Noticed Sigmund
  1533 | D:3      | Reached skill level 3 in Dodging
  1563 | D:3      | Reached XP level 4. HP: 11/33 MP: 0/8
  2147 | D:2      | Reached XP level 5. HP: 39/39 MP: 3/9
  2291 | D:4      | Reached skill level 4 in Dodging
  2311 | D:4      | Found a staircase to the Ecumenical Temple.
  2316 | Temple   | Entered the Ecumenical Temple
  2410 | D:4      | Noticed a dagger
  2410 | D:4      | Noticed a dagger
  2412 | D:4      | Found a hide-covered altar of Uskayaw.
  2426 | D:4      | Found a sacrificial altar of Ru.
  2524 | D:4      | Reached XP level 6. HP: 29/47 MP: 1/10
  2606 | D:4      | Found a stormy altar of Qazlal.
  2606 | D:4      | Found an iron altar of Okawaru.
  2732 | D:4      | Found a glowing drain.
  2753 | Sewer    | Entered a sewer
  3285 | Sewer    | Reached skill level 5 in Dodging
  3951 | D:2      | Killed Sigmund
  3951 | D:2      | Reached XP level 7. HP: 37/55 MP: 2/11
  4234 | D:5      | Entered Level 5 of the Dungeon
  4275 | D:5      | Reached skill level 6 in Dodging
  4437 | D:5      | Slain by a centaur

Vault maps used:
D:1:      dpeg_arrival_tiny_d, minmay_tetromino_t2
D:2:      uniq_sigmund
D:3:      kennysheep_boxes
D:4:      dancing_weapons_uskayaw, gammafunk_temple_overflow_elements,
          temple_statues, portal_sewer_entry_f, kennysheep_cluttered_room,
          nicolae_ru_sacrificial_ziggurat
D:5:      first_ration, basic_altar, serial_shops, shop
Temple:   nicolae_temple_hex_pool
Sewer:    sewer_sea

Skill      XL: |  1  2  3  4  5  6  7 |
---------------+----------------------+-----
Dodging        | 2 3 4 5 6 |  6.1
Fighting       | 1 2 3 4 |  4.7
Stealth        | |  1.5
Spellcasting   | |  2.6
Necromancy     | |  4.0

Action                   |  1- 3 |  4- 6 |  7- 9 || total
-------------------------+-------+-------+-------++-------
Melee: Unarmed           |    14 |       |       ||    14
       Short sword       |    17 |    75 |       ||    92
       Dagger            |       |    47 |    70 ||   117
 Cast: Pain              |    87 |   183 |     1 ||   271
       Vampiric Draining |     1 |     4 |    17 ||    22
 Stab: Sleeping          |     1 |     1 |     2 ||     4
Armor: Robe              |    29 |    26 |     7 ||    62
Dodge: Dodged            |    80 |    81 |    49 ||   210
Block: Other             |     2 |     3 |       ||     5

Table legend:
 A = Spawn XP
 B = Non-spawn XP
 C = Spawn XP percentage of total XP
 D = Spawn monster count
 E = Non-spawn monster count
 F = Spawn count percentage of total count
 G = Total turns spent on level
                    A         B        C        D         E        F      G
               +---------+---------+-------+---------+---------+-------+---------
         Total |       0 |    1195 |   0.0 |       0 |     140 |   0.0 |  4437
               +---------+---------+-------+---------+---------+-------+---------
           D:1 |       0 |      42 |   0.0 |       0 |      26 |   0.0 |   797
           D:2 |       0 |     333 |   0.0 |       0 |      25 |   0.0 |   689
           D:3 |       0 |      93 |   0.0 |       0 |      21 |   0.0 |  1127
           D:4 |       0 |     306 |   0.0 |       0 |      19 |   0.0 |   878
           D:5 |       0 |     216 |   0.0 |       0 |       9 |   0.0 |   203
         Sewer |       0 |     205 |   0.0 |       0 |      40 |   0.0 |   684
               +---------+---------+-------+---------+---------+-------+---------
